General information
- name: BNet
- type: Ladder team game (AT/RT)
- host: Battle.net
- saver: NlGGUH.PUHLEASE
map: HurricaneIsle
- players: 8
- length: 104:08
- speed: Fast
- version: 1.26 W3XP
- replay type: Public
» download(331 KB)
Players
team 1 (loser)
CantFindGames. (
yellow | 40 APM | 386 actions | 09:34)
» actions
| Assign group hotkey | 3 | |
| Build / train | 32 | |
| Enter build submenu | 11 | |
| Right click | 121 | |
| Select / deselect | 178 | |
| Select group hotkey | 26 | |
| Use ability | 15 | |
386 total
» units
» upgrades
| Moon Armor | 2 | |
| Hippogryph Taming | 1 | |
| Strength of the Moon | 1 | |
4 total
» buildings
| Tree of Ages | 2 | |
| Moon Well | 3 | |
| Hunter's Hall | 1 | |
| Ancient of War | 1 | |
| Ancient of Wind | 2 | |
| Ancient Protector | 3 | |
12 total
» build order
01:00 Tree of Ages
01:01 Moon Well
01:27 Hunter's Hall
02:32 Ancient of War
03:52 Ancient of Wind
04:48 Ancient of Wind
04:57 Moon Well
06:02 Ancient Protector
06:08 Moon Well
07:39 Ancient Protector
09:22 Ancient Protector
SKYRIMFDFASDF (
red | 38 APM | 3977 actions | 104:06)
8 Mountain King
3 Storm Bolt
3 Bash
1 Avatar
1 Thunder Clap
8 Goblin Tinker
3 Pocket Factory
3 Cluster Rockets
1 Robo-Goblin
1 Engineering Upgrade
» actions
| Assign group hotkey | 88 | |
| Basic commands | 41 | |
| Build / train | 265 | |
| Enter build submenu | 31 | |
| Enter hero's abilities submenu | 16 | |
| Give item / drop item | 12 | |
| Remove unit from queue | 4 | |
| Right click | 1506 | |
| Select / deselect | 787 | |
| Select group hotkey | 1003 | |
| Use ability | 222 | |
3977 total
» units
| Peasant | 15 | |
| Footman | 4 | |
| Goblin Shredder | 2 | |
| Siege Engine | 12 | |
| Troll Batrider | 6 | |
| Goblin Zeppelin | 19 | |
| Hippogryph | 6 | |
| Druid of the Talon | 21 | |
| Mountain Giant | 14 | |
| Knight | 19 | |
| Gryphon Rider | 4 | |
| Mortar Team | 29 | |
| Dryad | 6 | |
| Sorceress | 2 | |
| Flying Machine | 28 | |
187 total
» upgrades
| Masonry | 3 | |
| Gunpowder | 3 | |
| Barrage | 1 | |
| Plating | 3 | |
| Swords | 3 | |
| Storm Hammers | 1 | |
| Armor | 3 | |
| Animal War Training | 1 | |
| Flying Machine Bombs | 1 | |
| Flak Cannons | 1 | |
| Druid of the Talon Training | 2 | |
| Flare | 2 | |
| Fragmentation Shards | 1 | |
25 total
» buildings
| Altar of Kings | 1 | |
| Barracks | 1 | |
| Farm | 27 | |
| Scout Tower | 6 | |
| Arcane Tower | 1 | |
| Keep | 1 | |
| Arcane Vault | 2 | |
| Lumber Mill | 1 | |
| Castle | 1 | |
| Blacksmith | 1 | |
| Guard Tower | 3 | |
| Workshop | 5 | |
| Gryphon Aviary | 2 | |
| Town Hall | 9 | |
| Moon Well | 9 | |
| Ancient of Lore | 1 | |
71 total
» build order
00:15 Altar of Kings
00:26 Barracks
00:41 Farm
00:55 Farm
01:37 Farm
01:45 Scout Tower
02:11 Arcane Tower
03:06 Keep
03:16 Arcane Vault
03:47 Lumber Mill
05:06 Scout Tower
05:06 Scout Tower
05:06 Scout Tower
05:07 Scout Tower
05:08 Scout Tower
05:32 Castle
05:59 Blacksmith
06:14 Guard Tower
06:15 Guard Tower
06:18 Guard Tower
07:17 Workshop
07:19 Workshop
07:27 Farm
07:27 Farm
07:28 Farm
07:29 Farm
07:30 Farm
07:30 Farm
07:34 Farm
07:35 Farm
12:15 Gryphon Aviary
12:17 Gryphon Aviary
18:55 Farm
18:56 Farm
18:56 Farm
18:56 Farm
18:57 Farm
18:57 Farm
30:15 Town Hall
34:25 Moon Well
34:26 Moon Well
34:26 Moon Well
34:26 Moon Well
34:28 Moon Well
34:28 Moon Well
34:29 Moon Well
34:29 Moon Well
34:29 Moon Well
34:44 Ancient of Lore
36:53 Farm
36:53 Farm
36:54 Farm
36:54 Farm
36:55 Farm
36:55 Farm
36:57 Farm
36:57 Farm
37:00 Farm
37:22 Town Hall
40:31 Town Hall
49:55 Town Hall
53:45 Town Hall
66:45 Town Hall
71:58 Workshop
71:59 Workshop
72:00 Workshop
75:26 Arcane Vault
75:53 Town Hall
81:43 Town Hall
86:16 Town Hall
» items
| Scroll of Regeneration | 3 | |
| Scroll of Town Portal | 10 | |
| Orb of Fire | 1 | |
| Potion of Healing | 1 | |
| Potion of Lesser Invulnerability | 2 | |
| Scroll of Healing | 1 | |
| Potion of Invisibility | 2 | |
| Staff of Teleportation | 1 | |
| Boots of Speed | 1 | |
| Wand of Illusion | 3 | |
25 total

»
oiola (
purple | 27 APM | 323 actions | 11:49)
3 Blademaster
2 Wind Walk
1 Critical Strike
» actions
| Build / train | 27 | |
| Enter build submenu | 11 | |
| Enter hero's abilities submenu | 3 | |
| Remove unit from queue | 1 | |
| Right click | 97 | |
| Select / deselect | 159 | |
| Use ability | 25 | |
323 total
» units
| Peon | 7 | |
| Wind Rider | 5 | |
| Goblin Zeppelin | 1 | |
13 total
» upgrades
| Ranged Weapons | 3 | |
| Envenomed Spears | 1 | |
4 total
» buildings
| Altar of Storms | 1 | |
| Orc Burrow | 6 | |
| War Mill | 1 | |
| Stronghold | 1 | |
| Voodoo Lounge | 1 | |
| Beastiary | 2 | |
| Fortress | 1 | |
13 total
» build order
00:24 Altar of Storms
00:37 Orc Burrow
01:33 War Mill
02:16 Stronghold
02:49 Voodoo Lounge
03:32 Orc Burrow
04:47 Beastiary
04:52 Beastiary
06:00 Fortress
06:05 Orc Burrow
06:48 Orc Burrow
08:16 Orc Burrow
10:26 Orc Burrow
» items
| Healing Salve | 1 | |
| Lesser Clarity Potion | 2 | |
3 total

»
RifRaf (
pink | 30 APM | 382 actions | 12:35)
1 Archmage
1 Summon Water Elemental
1 Blood Mage
1 Banish
1 Paladin
1 Devotion Aura
» actions
| Assign group hotkey | 13 | |
| Basic commands | 12 | |
| Build / train | 58 | |
| ESC pressed | 2 | |
| Enter build submenu | 24 | |
| Enter hero's abilities submenu | 3 | |
| Right click | 63 | |
| Select / deselect | 109 | |
| Select group hotkey | 59 | |
| Use ability | 39 | |
382 total
» units
| Peasant | 10 | |
| Knight | 1 | |
| Sorceress | 3 | |
| Wisp | 11 | |
| Siege Engine | 2 | |
| Hippogryph | 8 | |
35 total
» upgrades
| Masonry | 2 | |
| Lumber Harvesting | 1 | |
| Plating | 1 | |
| Barrage | 1 | |
| Magic Sentry | 1 | |
6 total
» buildings
| Farm | 6 | |
| Lumber Mill | 1 | |
| Keep | 1 | |
| Altar of Kings | 1 | |
| Blacksmith | 1 | |
| Barracks | 1 | |
| Scout Tower | 8 | |
| Guard Tower | 7 | |
| Arcane Tower | 1 | |
| Castle | 1 | |
| Workshop | 2 | |
| Arcane Sanctum | 1 | |
| Arcane Vault | 2 | |
| Ancient of Wonders | 1 | |
34 total
» build order
00:13 Farm
00:24 Farm
01:00 Lumber Mill
01:06 Farm
01:45 Farm
02:38 Keep
02:57 Altar of Kings
03:16 Farm
03:19 Farm
03:26 Blacksmith
03:51 Barracks
04:20 Scout Tower
04:25 Scout Tower
04:29 Scout Tower
04:33 Scout Tower
04:40 Scout Tower
04:41 Scout Tower
04:48 Scout Tower
04:49 Scout Tower
04:55 Guard Tower
05:01 Arcane Tower
05:03 Guard Tower
05:07 Guard Tower
05:17 Castle
05:28 Guard Tower
05:39 Guard Tower
06:02 Guard Tower
06:06 Guard Tower
07:03 Workshop
07:12 Arcane Sanctum
08:50 Arcane Vault
08:59 Arcane Vault
10:37 Ancient of Wonders
11:07 Workshop
» items
team 2 (winner)

»
orcs89 (
orange | 21 APM | 1043 actions | 48:31)
» actions
| Basic commands | 12 | |
| Build / train | 52 | |
| Enter build submenu | 22 | |
| Remove unit from queue | 2 | |
| Right click | 681 | |
| Select / deselect | 242 | |
| Use ability | 32 | |
1043 total
» units
| Acolyte | 2 | |
| Ghoul | 5 | |
| Gargoyle | 19 | |
| Goblin Zeppelin | 1 | |
| Gryphon Rider | 7 | |
| Peasant | 6 | |
40 total
» upgrades
| Creature Attack | 2 | |
| Creature Carapace | 2 | |
| Lumber Harvesting | 1 | |
| Armor | 1 | |
| Storm Hammers | 1 | |
| Swords | 1 | |
8 total
» buildings
| Crypt | 2 | |
| Ziggurat | 4 | |
| Halls of the Dead | 1 | |
| Graveyard | 1 | |
| Altar of Darkness | 1 | |
| Black Citadel | 1 | |
| Keep | 1 | |
| Altar of Kings | 1 | |
| Blacksmith | 1 | |
| Lumber Mill | 1 | |
| Castle | 1 | |
| Gryphon Aviary | 5 | |
| Farm | 2 | |
22 total
» build order
00:23 Crypt
00:28 Ziggurat
02:22 Halls of the Dead
02:37 Graveyard
03:38 Crypt
03:45 Ziggurat
03:50 Ziggurat
03:56 Ziggurat
10:36 Altar of Darkness
14:12 Black Citadel
33:15 Keep
35:45 Altar of Kings
36:05 Blacksmith
36:13 Lumber Mill
37:05 Castle
37:30 Gryphon Aviary
37:44 Gryphon Aviary
38:12 Gryphon Aviary
38:19 Gryphon Aviary
40:55 Gryphon Aviary
42:53 Farm
43:38 Farm
tgjj (
green | 66 APM | 1729 actions | 26:03)
5 Blademaster
2 Wind Walk
3 Critical Strike
» actions
| Assign group hotkey | 13 | |
| Build / train | 53 | |
| Enter build submenu | 13 | |
| Enter hero's abilities submenu | 5 | |
| Remove unit from queue | 8 | |
| Right click | 553 | |
| Select / deselect | 428 | |
| Select group hotkey | 570 | |
| Use ability | 86 | |
1729 total
» units
| Peon | 8 | |
| Goblin Shredder | 1 | |
| Troll Batrider | 12 | |
| Goblin Zeppelin | 4 | |
| Raider | 1 | |
26 total
» upgrades
| Liquid Fire | 1 | |
| Ranged Weapons | 3 | |
| Reinforced Defenses | 1 | |
| Ensnare | 1 | |
| Armor | 2 | |
8 total
» buildings
| Altar of Storms | 1 | |
| Orc Burrow | 6 | |
| Stronghold | 2 | |
| Voodoo Lounge | 1 | |
| Fortress | 1 | |
| Beastiary | 4 | |
| War Mill | 1 | |
| Watch Tower | 3 | |
19 total
» build order
00:07 Altar of Storms
00:21 Orc Burrow
02:04 Stronghold
02:18 Orc Burrow
02:19 Orc Burrow
02:47 Voodoo Lounge
04:33 Fortress
04:38 Beastiary
04:39 Beastiary
04:40 Beastiary
04:59 War Mill
05:05 Orc Burrow
07:44 Orc Burrow
07:58 Beastiary
08:04 Orc Burrow
08:58 Watch Tower
09:03 Watch Tower
09:05 Watch Tower
» items
NlGGUH.PUHLEASE (
blue | 48 APM | 4979 actions | 104:08)
10 Mountain King
3 Storm Bolt
3 Bash
1 Avatar
3 Thunder Clap
10 Goblin Tinker
3 Engineering Upgrade
3 Cluster Rockets
1 Robo-Goblin
3 Pocket Factory
» actions
| Assign group hotkey | 60 | |
| Basic commands | 290 | |
| Build / train | 180 | |
| Enter build submenu | 62 | |
| Enter hero's abilities submenu | 20 | |
| Give item / drop item | 58 | |
| Remove unit from queue | 4 | |
| Right click | 2413 | |
| Select / deselect | 1259 | |
| Select group hotkey | 384 | |
| Use ability | 242 | |
4979 total
» units
| Peasant | 13 | |
| Footman | 5 | |
| Goblin Zeppelin | 5 | |
| Siege Engine | 16 | |
| Gryphon Rider | 28 | |
| Knight | 1 | |
| Peon | 3 | |
71 total
» upgrades
| Swords | 3 | |
| Gunpowder | 3 | |
| Barrage | 1 | |
| Masonry | 3 | |
| Plating | 3 | |
| Storm Hammers | 1 | |
| Armor | 3 | |
| Backpack | 1 | |
| Animal War Training | 1 | |
| Long Rifles | 1 | |
| Defend | 1 | |
21 total
» buildings
| Altar of Kings | 2 | |
| Barracks | 2 | |
| Farm | 15 | |
| Keep | 4 | |
| Lumber Mill | 2 | |
| Scout Tower | 21 | |
| Arcane Tower | 1 | |
| Blacksmith | 1 | |
| Guard Tower | 30 | |
| Gryphon Aviary | 3 | |
| Castle | 2 | |
| Workshop | 2 | |
| Arcane Vault | 2 | |
| Town Hall | 7 | |
| Great Hall | 1 | |
| Altar of Storms | 4 | |
| Orc Burrow | 3 | |
| Arcane Sanctum | 1 | |
103 total
» build order
00:03 Altar of Kings
00:10 Barracks
00:17 Farm
01:52 Farm
02:15 Keep
02:22 Lumber Mill
02:36 Scout Tower
02:52 Farm
03:10 Arcane Tower
03:36 Blacksmith
03:44 Scout Tower
03:58 Farm
04:18 Guard Tower
04:47 Gryphon Aviary
04:49 Scout Tower
05:16 Scout Tower
05:25 Guard Tower
05:52 Guard Tower
06:06 Castle
06:26 Gryphon Aviary
07:03 Scout Tower
07:12 Workshop
07:51 Guard Tower
07:56 Workshop
10:28 Farm
10:46 Arcane Vault
13:43 Farm
13:44 Farm
14:33 Farm
15:57 Farm
21:03 Gryphon Aviary
23:10 Farm
23:11 Farm
27:37 Town Hall
29:32 Scout Tower
29:34 Scout Tower
29:34 Scout Tower
30:24 Farm
30:38 Lumber Mill
31:07 Guard Tower
31:07 Guard Tower
31:07 Guard Tower
31:08 Guard Tower
31:09 Guard Tower
31:18 Guard Tower
31:19 Guard Tower
31:19 Guard Tower
35:57 Farm
43:04 Farm
43:06 Farm
54:15 Town Hall
54:20 Town Hall
60:48 Town Hall
63:48 Arcane Vault
63:50 Altar of Kings
64:41 Barracks
72:33 Keep
77:37 Town Hall
81:48 Keep
83:44 Great Hall
84:15 Altar of Storms
84:21 Altar of Storms
84:32 Castle
84:46 Altar of Storms
85:42 Scout Tower
85:43 Scout Tower
85:44 Scout Tower
85:45 Scout Tower
85:46 Scout Tower
85:48 Scout Tower
85:50 Scout Tower
85:52 Scout Tower
85:53 Scout Tower
86:16 Guard Tower
86:16 Guard Tower
86:16 Guard Tower
87:32 Guard Tower
87:32 Guard Tower
87:32 Guard Tower
87:42 Keep
87:55 Altar of Storms
89:04 Town Hall
89:23 Orc Burrow
89:26 Orc Burrow
89:32 Orc Burrow
90:40 Scout Tower
90:42 Scout Tower
90:45 Scout Tower
90:46 Scout Tower
91:57 Guard Tower
91:57 Guard Tower
91:58 Guard Tower
100:14 Town Hall
102:51 Arcane Sanctum
» items
| Orb of Fire | 2 | |
| Potion of Healing | 8 | |
| Scroll of Town Portal | 4 | |
| Claws of Attack +9 | 1 | |
| Gauntlets of Ogre Strength +3 | 1 | |
| Scroll of Regeneration | 7 | |
| Potion of Mana | 1 | |
| Boots of Speed | 1 | |
25 total
atheismo (
teal | 24 APM | 632 actions | 26:49)
5 Blood Mage
3 Flame Strike
2 Banish
» actions
| Basic commands | 10 | |
| Build / train | 49 | |
| Enter build submenu | 26 | |
| Enter hero's abilities submenu | 5 | |
| Right click | 228 | |
| Select / deselect | 267 | |
| Use ability | 47 | |
632 total
» units
| Peasant | 18 | |
| Rifleman | 7 | |
| Goblin Zeppelin | 1 | |
| Dragonhawk Rider | 8 | |
34 total
» upgrades
» buildings
| Altar of Kings | 1 | |
| Farm | 11 | |
| Blacksmith | 1 | |
| Barracks | 1 | |
| Lumber Mill | 1 | |
| Keep | 2 | |
| Arcane Vault | 1 | |
| Gryphon Aviary | 2 | |
| Castle | 1 | |
| Town Hall | 3 | |
24 total
» build order
00:07 Altar of Kings
00:12 Farm
00:32 Blacksmith
02:01 Barracks
02:10 Lumber Mill
02:53 Farm
03:21 Farm
04:10 Farm
05:02 Keep
05:04 Arcane Vault
06:22 Farm
07:24 Gryphon Aviary
07:28 Gryphon Aviary
08:00 Castle
08:52 Farm
08:57 Farm
09:58 Farm
10:00 Farm
10:41 Farm
13:37 Farm
15:09 Town Hall
16:54 Town Hall
22:20 Keep
24:35 Town Hall
» items
Chat log
(00:03 / All) SKYRIMFDFASDF: FUK YEA
(00:17 / All) tgjj: ur that happy
(00:22 / All) NlGGUH.PUHLEASE: nigguh, please
(00:26 / Allies) atheismo: lol
(00:37 / Allies) tgjj: bats
(00:42 / Allies) NlGGUH.PUHLEASE: cats
(00:42 / Allies) orcs89: gargs
(01:03 / Allies) atheismo: rifles tanks morts
(01:19 / Allies) orcs89: this is an air map
(01:33 / Allies) tgjj: now look im gonna loose hero 1 time on creeps so dont whine
(01:52 / Allies) atheismo: ill go rifles to gryphs then
(02:55 / All) NlGGUH.PUHLEASE: what
(02:59 / All) NlGGUH.PUHLEASE: you died when creeping
(03:03 / All) NlGGUH.PUHLEASE: nigguh, please
(03:06 / Allies) tgjj: yeah
(03:06 / Allies) NlGGUH.PUHLEASE: hit top left
(03:13 / Allies) tgjj: i dont wanna buy items
(05:38 / Allies) NlGGUH.PUHLEASE: techer
(05:42 / Allies) NlGGUH.PUHLEASE: kill
(06:15 / Allies) NlGGUH.PUHLEASE: hit top left god damn
(06:35 / Allies) NlGGUH.PUHLEASE: we don't want him to get chims or some shit
(06:40 / Allies) atheismo: omw
(07:39 / Allies) orcs89: run nuigga
(07:45 / Allies) NlGGUH.PUHLEASE: HIT YELLOW
(07:49 / Allies) NlGGUH.PUHLEASE: HE"S TECHING DAMMIT
(08:04 / Allies) atheismo: omw
(09:12 / Allies) NlGGUH.PUHLEASE: kill the ap
(09:34 / Allies) NlGGUH.PUHLEASE: by tree
(09:35 / Allies) NlGGUH.PUHLEASE: the ap
(11:51 / All) tgjj: (
(12:28 / All) RifRaf: gg, cant play 2v4
(12:31 / All) NlGGUH.PUHLEASE: raped
(12:34 / All) RifRaf: noobs give up to easy
(12:35 / Allies) atheismo: lol
(13:17 / Allies) NlGGUH.PUHLEASE: lumber please
(13:35 / Allies) NlGGUH.PUHLEASE: thanks
(13:40 / Allies) atheismo: np
(14:33 / All) orcs89: blues tking....lol
(14:38 / All) NlGGUH.PUHLEASE: because you blow
(16:02 / All) NlGGUH.PUHLEASE: who says
(16:06 / All) NlGGUH.PUHLEASE: you can't 2v4
(16:09 / All) NlGGUH.PUHLEASE: bitch leaver
(18:31 / All) NlGGUH.PUHLEASE: you mad
(18:32 / All) NlGGUH.PUHLEASE: oj
(18:38 / Allies) orcs89: not really
(18:40 / Allies) atheismo: lol
(21:23 / Allies) atheismo: wtf oj?
(21:30 / Allies) NlGGUH.PUHLEASE: raped sonny
(21:36 / All) NlGGUH.PUHLEASE: oj joined in the stabbing
(21:40 / All) NlGGUH.PUHLEASE: he only has ghouls
(21:41 / All) NlGGUH.PUHLEASE: lols
(21:46 / All) NlGGUH.PUHLEASE: still raped teal's noob expo
(23:45 / Allies) tgjj: ??
(23:46 / All) NlGGUH.PUHLEASE: raped
(26:06 / All) NlGGUH.PUHLEASE: raped
(26:08 / All) NlGGUH.PUHLEASE: by 5 ghouls
(26:09 / All) NlGGUH.PUHLEASE: lmao
(26:11 / All) NlGGUH.PUHLEASE: nice oj
(26:12 / All) NlGGUH.PUHLEASE: thanks
(27:23 / All) NlGGUH.PUHLEASE: oj killed everyone with 5 ghouls
(27:25 / All) NlGGUH.PUHLEASE: it's hilarious
(27:31 / All) NlGGUH.PUHLEASE: I did good to leave him those
(29:10 / Allies) orcs89: what next boss
(29:13 / All) NlGGUH.PUHLEASE: idk
(29:16 / All) NlGGUH.PUHLEASE: allies are dead
(29:23 / All) NlGGUH.PUHLEASE: we're feeding each other, red and I
(29:27 / All) NlGGUH.PUHLEASE: or going to
(29:57 / All) SKYRIMFDFASDF: oj
(30:01 / All) SKYRIMFDFASDF: why did u kill greens expo
(30:02 / All) orcs89: ?
(30:04 / All) NlGGUH.PUHLEASE: you could kill yellow's remaining stuff top left
(30:06 / All) NlGGUH.PUHLEASE: I guess
(30:46 / Allies) orcs89: you trying to win?
(30:56 / All) NlGGUH.PUHLEASE: giving their team the win
(30:58 / All) NlGGUH.PUHLEASE: probably
(31:00 / All) NlGGUH.PUHLEASE: oj
(31:06 / All) SKYRIMFDFASDF: i dont know
(31:09 / All) SKYRIMFDFASDF: yellow was a douche
(31:12 / All) NlGGUH.PUHLEASE: oj was pretty pro
(31:15 / All) NlGGUH.PUHLEASE: so we could give him it
(31:25 / All) NlGGUH.PUHLEASE: most cost effective 5 ghouls ever
(31:55 / All) orcs89: took out two expos with tem bitches
(32:01 / All) NlGGUH.PUHLEASE: I noticed
(32:25 / All) SKYRIMFDFASDF: go top left once u level with creeps
(32:28 / All) SKYRIMFDFASDF: lots of shit there
(32:31 / All) SKYRIMFDFASDF: creep first
(32:34 / All) NlGGUH.PUHLEASE: level 5, so I can do that first
(32:35 / All) SKYRIMFDFASDF: tinkers?
(32:40 / All) NlGGUH.PUHLEASE: can't creep past 5
(32:47 / All) SKYRIMFDFASDF: no shit lawl
(32:53 / All) NlGGUH.PUHLEASE: items from creeps are still good
(32:55 / All) NlGGUH.PUHLEASE: though
(33:06 / All) NlGGUH.PUHLEASE: in reign of chaos you could get to level 10 from creeping
(33:08 / All) SKYRIMFDFASDF: kill my nigger tanks at my base, they'll be blow
(33:11 / All) NlGGUH.PUHLEASE: which is hilarious
(33:17 / All) NlGGUH.PUHLEASE: sec, getting items
(33:32 / All) NlGGUH.PUHLEASE: murlocs are just running in fear
(33:57 / All) NlGGUH.PUHLEASE: heading to yellow for exp
(34:10 / All) SKYRIMFDFASDF: wait get tinker first
(34:22 / All) NlGGUH.PUHLEASE: where is tavern?
(34:32 / All) SKYRIMFDFASDF: off island
(34:36 / All) SKYRIMFDFASDF: dont go to yellow yet ill make shit
(34:42 / All) orcs89: what are you two doing? Im confused
(34:51 / All) SKYRIMFDFASDF: kill tanks at ur base
(34:53 / All) NlGGUH.PUHLEASE: just messing around
(35:40 / All) NlGGUH.PUHLEASE: staff of tp must be really good on this map
(35:48 / All) NlGGUH.PUHLEASE: sunken ruins has always been my favourite tileset
(36:04 / All) SKYRIMFDFASDF: those tanks are free exp
(36:13 / All) NlGGUH.PUHLEASE: tinker first
(36:19 / All) NlGGUH.PUHLEASE: got it
(36:36 / All) NlGGUH.PUHLEASE: omw
(36:38 / All) NlGGUH.PUHLEASE: for free xp
(37:45 / All) NlGGUH.PUHLEASE: damn not even 1 level from that
(37:46 / All) NlGGUH.PUHLEASE: wtf
(37:52 / All) SKYRIMFDFASDF: creep nigga
(37:56 / All) SKYRIMFDFASDF: before u go to yellow
(37:58 / All) NlGGUH.PUHLEASE: top left nigguh
(38:03 / All) NlGGUH.PUHLEASE: ok fine
(38:35 / All) NlGGUH.PUHLEASE: sobi mask
(38:36 / All) NlGGUH.PUHLEASE: nice
(38:42 / All) NlGGUH.PUHLEASE: 50% more mana regen
(38:43 / All) SKYRIMFDFASDF: weak
(38:52 / All) NlGGUH.PUHLEASE: you kidding?
(39:41 / All) NlGGUH.PUHLEASE: some of these creeps die before they wake up
(39:42 / All) NlGGUH.PUHLEASE: lol
(39:45 / All) NlGGUH.PUHLEASE: noobs
(39:54 / All) SKYRIMFDFASDF: lvl ten turtle
(40:07 / All) NlGGUH.PUHLEASE: is that in the middle?
(40:14 / All) SKYRIMFDFASDF: we can spam buy wands of illusion if u want
(40:19 / All) SKYRIMFDFASDF: and have like 200 tinkers
(40:24 / All) NlGGUH.PUHLEASE: scourge bone chimes, that's a good item
(40:26 / All) NlGGUH.PUHLEASE: life steal
(40:30 / All) NlGGUH.PUHLEASE: I prefer the unholy aura one though
(40:35 / All) NlGGUH.PUHLEASE: makes gryphons uber fast
(40:52 / All) SKYRIMFDFASDF: expo everywhere
(41:03 / All) NlGGUH.PUHLEASE: free bm
(42:36 / All) SKYRIMFDFASDF: send shit for me at fountains
(42:40 / All) NlGGUH.PUHLEASE: where is the turtle?
(42:47 / All) NlGGUH.PUHLEASE: nvm
(42:57 / All) NlGGUH.PUHLEASE: killing it
(43:11 / All) SKYRIMFDFASDF: leave a turtle for me
(43:16 / All) NlGGUH.PUHLEASE: k
(43:29 / All) NlGGUH.PUHLEASE: helm of valor, +4 str and agi
(43:34 / All) NlGGUH.PUHLEASE: could have been much better
(43:38 / All) NlGGUH.PUHLEASE: I want unholy aura dammit
(43:56 / All) NlGGUH.PUHLEASE: there's 4 turtles
(43:59 / All) NlGGUH.PUHLEASE: so I'll just kill 2
(44:02 / All) SKYRIMFDFASDF: i get 2
(44:06 / All) NlGGUH.PUHLEASE: yes
(44:19 / All) SKYRIMFDFASDF: what level are u
(44:23 / All) NlGGUH.PUHLEASE: 5 and 4
(44:25 / All) NlGGUH.PUHLEASE: almost 5/5
(44:41 / All) NlGGUH.PUHLEASE: hood of cunning, god damn
(45:01 / All) NlGGUH.PUHLEASE: tinker doesn't want to level
(45:19 / All) SKYRIMFDFASDF: give me 5 griffs
(45:21 / All) SKYRIMFDFASDF: at fountain
(45:28 / All) NlGGUH.PUHLEASE: fine
(46:07 / All) SKYRIMFDFASDF: 1 more lawl
(46:16 / All) NlGGUH.PUHLEASE: god damn, I need my gryphons to creep
(46:24 / All) NlGGUH.PUHLEASE: kill teal's shit
(46:27 / All) SKYRIMFDFASDF: u only need like 5
(46:31 / All) SKYRIMFDFASDF: send to fountain
(47:10 / All) NlGGUH.PUHLEASE: kill teals shit
(47:13 / All) NlGGUH.PUHLEASE: near bot right tavern
(47:19 / All) NlGGUH.PUHLEASE: oj is homo and using it
(47:25 / All) SKYRIMFDFASDF: keep it there
(47:30 / All) NlGGUH.PUHLEASE: i am
(47:46 / All) SKYRIMFDFASDF: where
(47:51 / All) NlGGUH.PUHLEASE: laboratory
(48:34 / All) NlGGUH.PUHLEASE: lol
(48:40 / All) SKYRIMFDFASDF: all it took
(48:41 / All) NlGGUH.PUHLEASE: he mad
(48:55 / All) SKYRIMFDFASDF: lots of shit at yellows
(49:01 / All) NlGGUH.PUHLEASE: I'll get it in a sec
(49:15 / All) NlGGUH.PUHLEASE: scourge bone chimes again"
(49:17 / All) NlGGUH.PUHLEASE: wtf
(49:20 / All) NlGGUH.PUHLEASE: don't need 2 vampiric auras
(49:30 / All) NlGGUH.PUHLEASE: 5/5 killing yellow's shit
(50:22 / All) NlGGUH.PUHLEASE: ok get ready to make yellow not attack
(50:25 / All) NlGGUH.PUHLEASE: I'm on his island
(50:42 / All) NlGGUH.PUHLEASE: M
(50:43 / All) NlGGUH.PUHLEASE: M
(50:43 / All) NlGGUH.PUHLEASE: M
(51:05 / All) NlGGUH.PUHLEASE: avatar lvl 6 mk
(51:11 / All) NlGGUH.PUHLEASE: robogoblin
(51:40 / All) NlGGUH.PUHLEASE: lvl 3 thunder bolt and bash
(51:59 / All) SKYRIMFDFASDF: gonna buy like 50 wands
(53:06 / All) SKYRIMFDFASDF: |pink has lots of shit too
(53:12 / All) NlGGUH.PUHLEASE: expoing first
(53:30 / All) SKYRIMFDFASDF: u need to get in habit of expoing a lot more than u do
(53:34 / All) SKYRIMFDFASDF: i arlready got ten expos
(54:28 / All) SKYRIMFDFASDF: wehres ur tinker
(54:40 / All) SKYRIMFDFASDF: send it to to fountain , watch me solo creep the level 10 guy
(54:40 / All) NlGGUH.PUHLEASE: goblin shop
(54:43 / All) NlGGUH.PUHLEASE: near my new expo
(54:51 / All) NlGGUH.PUHLEASE: I want level 10 first
(54:55 / All) NlGGUH.PUHLEASE: but fine
(54:55 / All) SKYRIMFDFASDF: no
(54:57 / All) SKYRIMFDFASDF: come
(55:06 / All) NlGGUH.PUHLEASE: going to fountain
(55:50 / All) NlGGUH.PUHLEASE: peasant faggots all ran into creep to die
(55:59 / All) NlGGUH.PUHLEASE: creeps
(56:03 / All) SKYRIMFDFASDF: ok bring only tinker
(56:06 / All) SKYRIMFDFASDF: watch my pro shit
(56:35 / All) SKYRIMFDFASDF: weak as hell
(56:41 / All) NlGGUH.PUHLEASE: owned
(56:55 / All) NlGGUH.PUHLEASE: dont kill gryohs
(57:12 / All) SKYRIMFDFASDF: move them then nigga
(57:17 / All) NlGGUH.PUHLEASE: I hit M
(57:27 / All) SKYRIMFDFASDF: u obviously didnt they were killing me
(57:31 / All) NlGGUH.PUHLEASE: i did now
(57:41 / All) NlGGUH.PUHLEASE: is that exp?
(57:48 / All) SKYRIMFDFASDF: yes
(57:53 / All) SKYRIMFDFASDF: go pinks base top right
(58:22 / All) NlGGUH.PUHLEASE: dont kill my shit
(58:24 / All) SKYRIMFDFASDF: finally u use ur griffs
(58:25 / All) NlGGUH.PUHLEASE: asshole
(58:27 / All) NlGGUH.PUHLEASE: 4 gryphs dead
(58:28 / All) SKYRIMFDFASDF: i wante du to use them
(58:41 / All) NlGGUH.PUHLEASE: fucking
(58:44 / All) NlGGUH.PUHLEASE: i don't have tons of gold
(58:46 / All) NlGGUH.PUHLEASE: god damn
(58:55 / All) NlGGUH.PUHLEASE: fortunately
(58:58 / All) SKYRIMFDFASDF: u have to learn to expo
(59:00 / All) NlGGUH.PUHLEASE: I had backup gryphs
(59:02 / All) NlGGUH.PUHLEASE: I did dammit
(59:03 / All) SKYRIMFDFASDF: how can u not have gold
(59:04 / All) NlGGUH.PUHLEASE: I'm mining
(59:12 / All) NlGGUH.PUHLEASE: 412 gold / 4088 lumber
(59:15 / All) SKYRIMFDFASDF: i have 20k gold gold should never be an issue on this map
(59:44 / All) NlGGUH.PUHLEASE: I'm leaving
(59:50 / All) SKYRIMFDFASDF: to?
(59:51 / All) NlGGUH.PUHLEASE: your tinker sucks adn can't solo it
(59:53 / All) NlGGUH.PUHLEASE: expo
(60:35 / All) SKYRIMFDFASDF: why are ugoing to expo
(60:40 / All) NlGGUH.PUHLEASE: more gold
(60:44 / All) NlGGUH.PUHLEASE: duh
(60:49 / All) SKYRIMFDFASDF: u only need 4 griffs to clear one
(60:57 / All) NlGGUH.PUHLEASE: I don't care
(60:59 / All) SKYRIMFDFASDF: go to pinks base and kill that
(61:11 / All) NlGGUH.PUHLEASE: sec
(61:31 / All) NlGGUH.PUHLEASE: 400 speed tinker
(61:33 / All) SKYRIMFDFASDF: i bet ull get owned if i dont touch it
(61:55 / All) NlGGUH.PUHLEASE: coming to pink
(62:24 / All) NlGGUH.PUHLEASE: have one above that too
(62:28 / All) NlGGUH.PUHLEASE: since you're scanning
(62:38 / All) NlGGUH.PUHLEASE: it's almost done being built
(62:45 / All) SKYRIMFDFASDF: dont question my all knowing knowledge
(62:47 / All) SKYRIMFDFASDF: i am god
(63:37 / All) SKYRIMFDFASDF: i m not touching alwl
(63:40 / All) SKYRIMFDFASDF: peasants are on auto repair
(63:52 / All) NlGGUH.PUHLEASE: I raped most of that
(64:10 / All) SKYRIMFDFASDF: most of that = nobody lalw
(65:49 / All) NlGGUH.PUHLEASE: WTF
(65:56 / All) NlGGUH.PUHLEASE: I have no animal war training. I get that every game
(65:57 / All) SKYRIMFDFASDF: what
(66:03 / All) NlGGUH.PUHLEASE: I would have won that shit if I had it
(67:03 / All) NlGGUH.PUHLEASE: 975 hp 3/3 storm hammer gryphons with animal war training
(67:04 / All) NlGGUH.PUHLEASE: bitch
(67:12 / All) SKYRIMFDFASDF: i am not impressed
(67:17 / All) NlGGUH.PUHLEASE: tanks and everything is 3/3
(67:37 / All) NlGGUH.PUHLEASE: you better GET ready to be impressed, then
(68:29 / All) SKYRIMFDFASDF: get in habit of expoing more so u can feed me, ur always out of gold
(68:36 / All) NlGGUH.PUHLEASE: because I spend it
(68:37 / All) NlGGUH.PUHLEASE: god damn
(68:44 / All) NlGGUH.PUHLEASE: get in habit of training shit
(68:47 / All) SKYRIMFDFASDF: so do i and i have 30k
(69:24 / All) NlGGUH.PUHLEASE: green and teal should have given me their combined 12k+ gold when they left
(69:26 / All) NlGGUH.PUHLEASE: homos
(70:03 / All) NlGGUH.PUHLEASE: raped
(71:03 / All) NlGGUH.PUHLEASE: raped
(71:26 / All) NlGGUH.PUHLEASE: this 1 raider
(71:29 / All) NlGGUH.PUHLEASE: can rape your whole abse
(71:47 / All) NlGGUH.PUHLEASE: raped
(72:10 / All) SKYRIMFDFASDF: i feel real bad for somebody on reckoning's website
(72:14 / All) NlGGUH.PUHLEASE: why?
(72:16 / All) SKYRIMFDFASDF: i told u about her on gamefaqs
(72:19 / All) SKYRIMFDFASDF: that phoenix poster
(72:23 / All) NlGGUH.PUHLEASE: oh yeah
(72:26 / All) NlGGUH.PUHLEASE: I remember her
(72:30 / All) SKYRIMFDFASDF: he does nothing but argue, he isn't messing around but he is truly serious
(72:33 / All) SKYRIMFDFASDF: the shit he posts
(72:34 / All) SKYRIMFDFASDF: i feel so bad
(73:02 / All) SKYRIMFDFASDF: i made a topic guessing the levelr anges for the zones and everybody somebody said they liked it
(73:07 / All) SKYRIMFDFASDF: he said it was proven wrong
(73:10 / All) NlGGUH.PUHLEASE: lol
(73:11 / All) SKYRIMFDFASDF: he called somebody an asshole today
(73:15 / All) SKYRIMFDFASDF: for aruging with him
(73:22 / All) NlGGUH.PUHLEASE: don't prove me wrong you asshole
(73:25 / All) SKYRIMFDFASDF: i reported him just said "insult"
(73:28 / All) NlGGUH.PUHLEASE: lol
(73:47 / All) SKYRIMFDFASDF: u have no idea how persistent he is
(73:55 / All) SKYRIMFDFASDF: sometimes in 4v4 people will not leave no matter what
(74:00 / All) SKYRIMFDFASDF: but he takes it to a whole extreme
(74:01 / All) NlGGUH.PUHLEASE: oj left
(74:03 / All) NlGGUH.PUHLEASE: when teal died
(74:16 / All) NlGGUH.PUHLEASE: more food please
(74:19 / All) NlGGUH.PUHLEASE: i want level 10
(74:30 / All) SKYRIMFDFASDF: im making copters to rape ur griffs
(74:38 / All) NlGGUH.PUHLEASE: why?
(74:41 / All) NlGGUH.PUHLEASE: dick
(74:58 / All) SKYRIMFDFASDF: what otehr show su watch
(75:00 / All) SKYRIMFDFASDF: on tv
(75:04 / All) SKYRIMFDFASDF: u like shows my dad likes
(75:12 / All) SKYRIMFDFASDF: u gonna watch walking dead?
(75:19 / All) NlGGUH.PUHLEASE: criminal minds, the big bang theory, and the twilight zone
(75:29 / All) NlGGUH.PUHLEASE: the twilight zone is old as hell, 1959. but its writing is still very good
(75:40 / All) SKYRIMFDFASDF: i like the ones with ron howard as a kid in them
(75:53 / All) NlGGUH.PUHLEASE: there was a twilight zone episode
(75:56 / All) NlGGUH.PUHLEASE: where william shatner
(75:58 / All) NlGGUH.PUHLEASE: was like, 20
(76:55 / All) SKYRIMFDFASDF: these copters willor ape ur army
(76:56 / All) NlGGUH.PUHLEASE: don't rape my gryphons
(76:57 / All) NlGGUH.PUHLEASE: please
(77:11 / All) SKYRIMFDFASDF: did i hear a plea in ur voice
(77:16 / All) NlGGUH.PUHLEASE: yes
(78:21 / All) SKYRIMFDFASDF: the rape is coming
(78:24 / All) SKYRIMFDFASDF: ur griffs are dead
(78:29 / All) NlGGUH.PUHLEASE: NOOOOOOOOOO
(78:56 / All) NlGGUH.PUHLEASE: you'll never find them
(78:56 / All) NlGGUH.PUHLEASE: ho
(79:04 / All) SKYRIMFDFASDF: survive that
(79:18 / All) SKYRIMFDFASDF: damn straight
(79:19 / All) SKYRIMFDFASDF: u run
(80:00 / All) NlGGUH.PUHLEASE: lol
(80:03 / All) NlGGUH.PUHLEASE: mk had no orb
(80:15 / All) NlGGUH.PUHLEASE: dont kill altar
(80:16 / All) NlGGUH.PUHLEASE: wtf
(80:19 / All) SKYRIMFDFASDF: tinker died?
(80:23 / All) NlGGUH.PUHLEASE: yes
(80:45 / All) NlGGUH.PUHLEASE: don't take my boots
(80:46 / All) NlGGUH.PUHLEASE: ho
(81:08 / All) NlGGUH.PUHLEASE: my tanks will rape you
(81:15 / All) NlGGUH.PUHLEASE: if they weren't slow as FUCK
(81:35 / All) SKYRIMFDFASDF: ur main base is gone
(81:39 / All) NlGGUH.PUHLEASE: LMAO
(82:05 / All) NlGGUH.PUHLEASE: fight my tanks
(82:06 / All) NlGGUH.PUHLEASE: ho
(82:20 / All) NlGGUH.PUHLEASE: raped
(82:24 / All) NlGGUH.PUHLEASE: nigguh. please
(82:36 / All) NlGGUH.PUHLEASE: already upgrading again
(82:38 / All) NlGGUH.PUHLEASE: bitch
(83:06 / All) SKYRIMFDFASDF: i dont think bliz's server is meant to be played like this lawl
(83:09 / All) NlGGUH.PUHLEASE: lol
(83:12 / All) NlGGUH.PUHLEASE: RAPE
(83:32 / All) NlGGUH.PUHLEASE: easy
(83:37 / All) NlGGUH.PUHLEASE: swiss cheese
(83:47 / All) NlGGUH.PUHLEASE: fuck you
(83:48 / All) NlGGUH.PUHLEASE: my expo
(83:49 / All) NlGGUH.PUHLEASE: bitch
(84:24 / All) NlGGUH.PUHLEASE: raped
(84:42 / All) NlGGUH.PUHLEASE: turtle killed altar
(84:43 / All) NlGGUH.PUHLEASE: fuck
(84:48 / All) NlGGUH.PUHLEASE: NO
(84:49 / All) NlGGUH.PUHLEASE: POOR PEON
(85:14 / All) NlGGUH.PUHLEASE: all my gryphs live
(85:15 / All) NlGGUH.PUHLEASE: because
(85:16 / All) NlGGUH.PUHLEASE: copter
(85:18 / All) NlGGUH.PUHLEASE: s
(85:19 / All) NlGGUH.PUHLEASE: got
(85:20 / All) NlGGUH.PUHLEASE: RAPED
(85:21 / All) NlGGUH.PUHLEASE: ho
(86:00 / All) NlGGUH.PUHLEASE: easy
(86:02 / All) NlGGUH.PUHLEASE: you there?
(86:07 / All) SKYRIMFDFASDF: yes
(86:09 / All) NlGGUH.PUHLEASE: good
(86:11 / All) SKYRIMFDFASDF: im preparing for the rape
(86:12 / All) NlGGUH.PUHLEASE: send more copters for me to rape
(86:27 / All) SKYRIMFDFASDF: i shall
(86:40 / All) NlGGUH.PUHLEASE: you like that expo?
(86:46 / All) NlGGUH.PUHLEASE: near my hall?
(86:50 / All) NlGGUH.PUHLEASE: oh shit
(86:55 / All) NlGGUH.PUHLEASE: it's gone!
(86:57 / All) NlGGUH.PUHLEASE: what expo?
(87:09 / All) NlGGUH.PUHLEASE: nothing counters this composition
(87:12 / All) NlGGUH.PUHLEASE: gryphon/tank
(87:14 / All) NlGGUH.PUHLEASE: both 3/3
(87:17 / All) NlGGUH.PUHLEASE: with all upgrades
(88:18 / All) SKYRIMFDFASDF: man
(88:23 / All) NlGGUH.PUHLEASE: ?
(88:35 / All) SKYRIMFDFASDF: for college football, there is an offense called the "wishbone" offense
(88:39 / All) SKYRIMFDFASDF: and the commentator kept saying
(88:47 / All) SKYRIMFDFASDF: the team was "boning" the other team
(88:49 / All) SKYRIMFDFASDF: he had no idea
(88:55 / All) NlGGUH.PUHLEASE: what a dumbass
(89:06 / All) SKYRIMFDFASDF: i was crackign up
(89:52 / All) NlGGUH.PUHLEASE: RAPED
(90:23 / All) NlGGUH.PUHLEASE: pussy
(90:30 / All) SKYRIMFDFASDF: biatch
(90:35 / All) SKYRIMFDFASDF: brb gonna let my dog out
(91:43 / All) NlGGUH.PUHLEASE: don't attack for a few minutes
(91:49 / All) NlGGUH.PUHLEASE: I need to get my goblin's boots of speed
(95:37 / All) SKYRIMFDFASDF: ok
(95:44 / All) NlGGUH.PUHLEASE: finally
(95:46 / All) NlGGUH.PUHLEASE: you're back
(95:53 / All) NlGGUH.PUHLEASE: so boring waiting for you
(95:55 / All) SKYRIMFDFASDF: i was looking at the stars
(96:26 / All) NlGGUH.PUHLEASE: do you have enough mortars yet?
(96:31 / All) NlGGUH.PUHLEASE: to rape me?
(96:58 / All) SKYRIMFDFASDF: i built that hall to reach u
(97:11 / All) NlGGUH.PUHLEASE: that mortar can't do shit
(97:13 / All) NlGGUH.PUHLEASE: since it's dead
(97:27 / All) NlGGUH.PUHLEASE: rape
(97:47 / All) NlGGUH.PUHLEASE: do you still have your expo near me?
(98:16 / All) NlGGUH.PUHLEASE: don't run your pheasants into creeps
(98:20 / All) NlGGUH.PUHLEASE: they want to live
(98:22 / All) NlGGUH.PUHLEASE: asshole
(98:41 / All) NlGGUH.PUHLEASE: wtf you doing
(98:46 / All) NlGGUH.PUHLEASE: sending those harvesters
(98:48 / All) NlGGUH.PUHLEASE: as sacrifices?
(98:52 / All) SKYRIMFDFASDF: buying zeps
(99:09 / All) NlGGUH.PUHLEASE: to do what?
(99:11 / All) NlGGUH.PUHLEASE: get owned?
(99:15 / All) NlGGUH.PUHLEASE: 100/100
(99:17 / All) NlGGUH.PUHLEASE: army of rape
(99:59 / All) NlGGUH.PUHLEASE: alleria's flute of accuracy, nearby missile attacks do more damage
(100:03 / All) NlGGUH.PUHLEASE: does that work on gryphons?
(100:35 / All) SKYRIMFDFASDF: dont patronize me ur going down
(100:40 / All) NlGGUH.PUHLEASE: lol k
(100:41 / All) NlGGUH.PUHLEASE: right
(100:49 / All) NlGGUH.PUHLEASE: ready to get rocked?
(100:54 / All) NlGGUH.PUHLEASE: you send your men to their deaths
(100:55 / All) NlGGUH.PUHLEASE: sir
(101:24 / All) NlGGUH.PUHLEASE: trueshot aura AND vampiric aura
(101:25 / All) NlGGUH.PUHLEASE: bitch
(101:26 / All) NlGGUH.PUHLEASE: 3/3
(101:29 / All) NlGGUH.PUHLEASE: animal war training
(101:31 / All) NlGGUH.PUHLEASE: storm hammer
(101:34 / All) NlGGUH.PUHLEASE: barrage
(101:36 / All) NlGGUH.PUHLEASE: tanks 3/3
(101:47 / All) NlGGUH.PUHLEASE: +7 damage on gryphons
(101:58 / All) NlGGUH.PUHLEASE: up to 95 damage
(102:36 / All) NlGGUH.PUHLEASE: when will your shit be here to own it?
(103:09 / All) NlGGUH.PUHLEASE: ready to get owned?
(103:28 / All) SKYRIMFDFASDF: gay
(103:31 / All) NlGGUH.PUHLEASE: pwnt
(103:37 / All) NlGGUH.PUHLEASE: they barely even landed
(103:41 / All) SKYRIMFDFASDF: tinker died first
(103:42 / All) NlGGUH.PUHLEASE: the ones that died airborne
(103:44 / All) NlGGUH.PUHLEASE: were lucky
(103:46 / All) SKYRIMFDFASDF: ok who gets loss
(103:52 / All) SKYRIMFDFASDF: im gonna watch tv
(103:52 / All) NlGGUH.PUHLEASE: your team
(103:55 / All) NlGGUH.PUHLEASE: oj deserves the win
(103:57 / All) SKYRIMFDFASDF: u sure?
(103:59 / All) NlGGUH.PUHLEASE: he is pro with ghouls
(104:06 / All) NlGGUH.PUHLEASE: 5 ghouls killing 2 expos?